 Dungeon Crawl Stone Soup version 0.26.1-11-gd32895ea62 (webtiles) character file.

Game seed: 16587178333075059212

433 Ijustatesigmund the Cudgeller (level 7, -3/49 HPs)
             Began as an Octopode Fighter on July 15, 2021.
             Killed themself with a badly aimed fireball (9 damage)
             ... on level 5 of the Dungeon.
             The game lasted 00:06:45 (4124 turns).

Ijustatesigmund the Cudgeller (Octopode Fighter)    Turns: 4124, Time: 00:06:46

Health: -3/49      AC: -11   Str: 15    XL:     7   Next: 0%
Magic:  7/7        EV: 12    Int: 11    God:
Gold:   242        SH: 12    Dex: 13    Spells: 6/6 levels left

rFire    . . .     SeeInvis .   a - +1 flail
rCold    . . .     Faith    .   b - +3 kite shield
rNeg     . . .     Spirit   .   (helmet restricted)
rPois    +         Reflect  .   (no amulet)
rElec    .         Harm     .   g - ring of poison resistance
rCorr    .         Rampage  .   (no ring)
Will     .....                  (no ring)
Stlth    ++........             (no ring)
HPRegen  0.16/turn              (no ring)
MPRegen  0.10/turn              (no ring)
                                (no ring)
                                (no ring)

@: corroded
A: almost no armour, stealthy swim, amphibious, 8 rings, constrict 8, camouflage
1, gelatinous body 1
a: no special abilities


You were on level 5 of the Dungeon.
You visited 1 branch of the dungeon, and saw 5 of its levels.
You also visited: Sewer.

You collected 242 gold pieces.

Inventory:

Hand Weapons
 a - a +1 flail (weapon)
Armour
 b - a +3 kite shield (worn)
Jewellery
 g - a ring of poison resistance (left tentacle)
Wands
 i - a wand of random effects (18)
Scrolls
 o - a scroll of teleportation
Potions
 c - a potion of might
 d - 4 potions of curing
 e - a potion of magic
 h - a potion of invisibility {unknown}
 j - a potion of lignification {unknown}
 k - 2 potions of flight {unknown}
 l - a potion of mutation {unknown}
 m - a potion of degeneration {unknown}
 n - a potion of brilliance {unknown}


   Skills:
 + Level 4.7 Fighting
 + Level 5.0 Maces & Flails
 + Level 3.9 Dodging
 + Level 3.9 Shields


You had 6 spell levels left.
You didn't know any spells.
Your spell library was empty.

Dungeon Overview and Level Annotations

Branches:
Dungeon (5/15)              Sewer (visited)
 Temple: D:4-7

Altars:
Nemelex Xobeh
Ru
Wu Jian

Annotations:
D:2 Sigmund


Innate Abilities, Weirdness & Mutations

You cannot wear most types of armour.
You are very stealthy in the water. (Stealth+)
You are amphibious.
You can wear up to eight rings at the same time.
You can use your tentacles to constrict eight enemies at once.
Your skin changes colour to match your surroundings (Stealth+).
Your rubbery body absorbs attacks. (AC +1, EV +1)


Message History

You barely miss the jelly.
The jelly is almost dead.
You block the jelly's attack.
You barely miss the jelly.
The jelly is almost dead.
The jelly barely misses you.
You hit the jelly but do no damage.
Your tentacles burn!
You squeeze the jelly, but do no damage.
The jelly is almost dead.
The jelly hits you.
* * * LOW HITPOINT WARNING * * *
You are splashed with acid!
* * * LOW HITPOINT WARNING * * *
Aiming: Random Effects
Press: ? - help, Shift-Dir - straight line, f - jelly
Aim: a jelly (almost dead)
The fireball explodes!
The fireball engulfs the jelly!!
You kill the jelly!
The fireball engulfs you!
You die...

######.#####..............
+..
#......##.................
##.
#.......+.........##.....
.. ##......##.........# #.
...........<#+###.... ..
........####....#...... #
## .....(..........#......
..##
..####..........##.....
.... . #......#+#@.......
.... ...###............
#.. #....$............. #
#.................. #
...............
.###........####
#......... ...........


There were no monsters in sight!

Vanquished Creatures
  2 ogres
  A scorpion (D:5)
  A jelly (D:5)
  Jessica (D:2)
  An iguana (D:4)
  A killer bee zombie (D:5)
  A howler monkey skeleton (D:5)
  7 adders
  A white imp (D:4)
  An ooze (D:1)
  2 worms
  A dart slug (D:1)
  7 bats
  10 giant cockroaches
  6 goblins
  3 hobgoblins
  7 kobolds
  A quokka (D:4)
  A ball python (D:1)
  3 frilled lizards
  8 rats
66 creatures vanquished.

Notes
Turn   | Place    | Note
-------+----------+-------------------------------------------
     0 | D:1      | Ijustatesigmund the Octopode Fighter began the quest for
                  | the Orb.
     0 | D:1      | Reached XP level 1. HP: 16/16 MP: 1/1
   215 | D:1      | Reached XP level 2. HP: 21/21 MP: 2/2
   937 | D:2      | Reached skill level 3 in Maces & Flails
   956 | D:2      | Found a faded altar of an unknown god.
   976 | D:2      | Reached XP level 3. HP: 26/26 MP: 3/3
   980 | D:2      | Noticed Jessica
   988 | D:2      | Killed Jessica
   989 | D:2      | Reached XP level 4. HP: 15/32 MP: 4/4
  1208 | D:2      | Noticed Sigmund
  1226 | D:2      | Found a sparkling altar of Nemelex Xobeh.
  1248 | D:2      | Found an ornate altar of the Wu Jian Council.
  1827 | D:3      | Found a glowing drain.
  1835 | D:3      | Reached skill level 4 in Maces & Flails
  1846 | Sewer    | Entered a sewer
  1870 | Sewer    | Noticed Purgy
  2331 | D:3      | Reached XP level 5. HP: 37/37 MP: 5/5
  2579 | D:3      | Found a sacrificial altar of Ru.
  2795 | D:4      | Noticed an ogre
  3433 | D:4      | Killed an ogre
  3434 | D:4      | Reached XP level 6. HP: 24/44 MP: 6/6
  3699 | D:4      | You fall into a shaft and drop 1 floor!
  3699 | D:5      | Entered Level 5 of the Dungeon
  4029 | D:5      | Reached skill level 5 in Maces & Flails
  4029 | D:5      | Reached XP level 7. HP: 37/49 MP: 7/7
  4124 | D:5      | Killed themself with a badly aimed fireball

Illustrated notes

Levels and vault maps discovered:
D:1:      grunt_arrival_crossed_arrows, layout_loops_corners
D:2:      layout_rooms, marbit_many_paths, nemelex_xobeh_ov_fountains_minmay,
          chequers_ecumenical_altar_simple, doesnt_xom_only_xom, uniq_sigmund,
          uniq_jessica
D:3:      layout_basic, general_overflow_altar, gup_sewer_entry_glass
D:4:      cheibrodos_greedy_goblins, layout_basic
D:5:      layout_basic, serial_curves, eino_curves_01, eino_curves_01,
          eino_curves_02, eino_curves_02

Skill      XL: |  1  2  3  4  5  6 |
---------------+-------------------+-----
Maces & Flails | 3 4 5 |  5.0
Fighting       | 4 |  4.7
Dodging        | |  3.9
Shields        | |  3.9

Action                   |  1- 3 |  4- 6 |  7- 9 || total
-------------------------+-------+-------+-------++-------
Melee: Flail             |    35 |    96 |    11 ||   142
       Constrict         |     9 |    22 |       ||    31
       Tentacles         |     6 |    18 |     3 ||    27
Evoke: Wand              |       |     3 |       ||     3
  Use: Scroll            |       |    13 |       ||    13
       Potion            |       |     4 |     1 ||     5
 Stab: Sleeping          |     2 |    10 |       ||    12
Armor: Skin              |     6 |     5 |       ||    11
Dodge: Dodged            |    15 |    42 |     4 ||    61
Block: Kite shield       |    16 |    43 |     6 ||    65
